 Dungeon Crawl Stone Soup version 0.31-a0-889-g1a8549509d (webtiles) character file.

Game seed: 10356519181611448470

329 gelatine the Ruffian (level 6, -6/56 (57) HPs)
             Began as a Troll Gladiator on Oct 17, 2023.
             Mangled by a wight
             ... wielding a +0 dire flail
              (14 damage)
             ... on level 4 of the Dungeon.
             The game lasted 00:08:07 (2206 turns).

gelatine the Ruffian (Troll Gladiator)              Turns: 2206, Time: 00:08:08

HP:   -6/56 (57)    AC:  5    Str: 28    XL:     6   Next: 25%
MP:   6/6           EV: 10    Int:  8    God:
Gold: 196           SH:  0    Dex: 11    Spells: 6/6 levels left

rFire   . . .        r - +8 whip of Yshymm {venom, Contam Str+3 Int+4 Stlth+}
rCold   . . .        (no shield)
rNeg    . . .        a - +0 robe
rPois   .            b - +0 hat
rElec   .            k - +0 cloak
rCorr   .            (gloves unavailable)
SInv    .            (boots unavailable)
Will    +....        (no amulet)
Stlth   +++          w - ring of willpower
HPRegen 1.09/turn    (no ring)
MPRegen 0.10/turn

%: no passive effects
@: lightly drained
A: large, unfitting armour, claws 3, regeneration 1, shaggy fur 1, tough skin 1
a: no special abilities


You were on level 4 of the Dungeon.
You visited 1 branch of the dungeon, and saw 4 of its levels.

You collected 196 gold pieces.

Inventory:

Hand Weapons
 j - a +2 morningstar of holy wrath
 r - the +8 whip of Yshymm (weapon) {venom, Contam Str+3 Int+4 Stlth+}
   (You found it on level 2 of the Dungeon)

   Str+3:     It affects your strength (+3).
   Int+4:     It affects your intelligence (+4).
   Contam:    It causes magical contamination when unequipped.
   Stlth+:    It makes you more stealthy.
Missiles
 c - a throwing net (quivered)
 d - a large rock
 f - 33 stones
 s - 7 boomerangs
 t - 6 javelins
Armour
 a - a +0 robe (worn)
 b - a +0 hat (worn)
 k - a +0 cloak (worn)
Jewellery
 w - a ring of willpower (left claw)
Wands
 m - a wand of iceblast (11)
Scrolls
 e - a scroll of noise {unknown}
 h - a scroll of fog {unknown}
 i - 4 scrolls of teleportation
 u - a scroll of vulnerability {unknown}
Potions
 g - a potion of heal wounds
 l - 2 potions of might
 o - 2 potions of curing {unknown}
 p - a potion of enlightenment
 q - a potion of brilliance
 v - a potion of mutation {unknown}


   Skills:
 * Level 2.2 Fighting
 + Level 1.0 Maces & Flails
 + Level 1.8 Throwing
 * Level 3.2 Dodging
 * Level 1.2 Stealth
 * Level 4.8 Unarmed Combat
 * Level 0.9 Spellcasting
 * Level 0.7 Evocations


You had 6 spell levels left.
You didn't know any spells.
Your spell library contained the following spells:

 Spells                   Type           Power      Damage    Failure   Level
 Cigotuvi's Dreadful Rot  Necr/Pois/Air  0%         N/A       52%         2
 Poisonous Vapours        Pois/Air       0%         N/A       52%         2
 Ignite Poison            Fire/Tmut/Pois 0%         N/A       77%         3
 Mephitic Cloud           Conj/Pois/Air  0%         N/A       77%         3
 Freezing Cloud           Conj/Ice/Air   0%         6-21      100%        5


Dungeon Overview and Level Annotations

Branches:
Dungeon (4/15)             Temple (0/1) D:4

Altars:


Innate Abilities, Weirdness & Mutations

You are too large for most types of armour.
You have claws for hands.
Your natural rate of healing is unusually fast.
You are covered in fur. (AC +1)
You have tough skin. (AC +1)


Message History

The wight hits you with a +4 long sword of freezing.
You feel drained. The wight freezes you.
You whack the wight!
The wight is severely damaged.
The wight hits you with a +4 long sword of freezing!
You feel drained. The wight freezes you. The wight hits you with a +2 scimitar!
You feel drained.
You hit the wight.
The wight is heavily damaged.
The wight hits you with a +4 long sword of freezing!
* * * LOW HITPOINT WARNING * * *
The wight freezes you.
* * * LOW HITPOINT WARNING * * *
The wight closely misses you. x2
You closely miss the wight. Your claw misses the wight.
The wight is severely damaged.
The wight hits you with a +4 long sword of freezing.
* * * LOW HITPOINT WARNING * * *
The wight freezes you.
* * * LOW HITPOINT WARNING * * *
The wight closely misses you. The wight barely misses you.
You whack the wight!
You destroy the wight!
The wight barely misses you. x2
Your Stealth skill increases to level 1!
You have reached level 6!
You feel stronger.
You whack the wight!
You destroy the wight!
The wight misses you.
Your Maces & Flails skill increases to level 1!
Unknown command.
You hit the wight.
The wight is moderately damaged.
The wight barely misses you.
Unknown command.
You barely miss the wight.
The wight is moderately damaged.
The wight hits you with a +0 dire flail!
You die...

.. . ... #. ..#
#..########..## ##
...............
..#
..................
.......)z........
#@W# .# #
##..######.###.#
+...............
#.......).......
###+####...##..#
##..###...##..#
#..............
#..............
+...##'#####...


You could see a phantom and a wight.

Vanquished Creatures
  2 wights (D:4)
  An orc priest (D:3)
  Terence (D:2)
  An orc wizard (D:3)
  7 adders
  4 dart slugs
  4 orcs (D:3)
  4 bats
  3 endoplasms
  4 giant cockroaches
  6 goblins
  5 hobgoblins
  7 jackals
  A quokka (D:1)
  8 ball pythons
  6 frilled lizards
  7 kobolds
  10 rats
81 creatures vanquished.

Notes
Turn   | Place    | Note
-------+----------+-------------------------------------------
     0 | D:1      | gelatine the Troll Gladiator began the quest for the Orb.
     0 | D:1      | Reached XP level 1. HP: 19/19 MP: 0/0
    69 | D:1      | Reached XP level 2. HP: 27/27 MP: 1/1
   326 | D:1      | Reached XP level 3. HP: 35/35 MP: 2/2
   737 | D:2      | Noticed Terence
   751 | D:2      | Killed Terence
   752 | D:2      | Reached skill level 4 in Unarmed Combat
   752 | D:2      | Reached XP level 4. HP: 30/42 MP: 3/3
  1178 | D:2      | Identified the +8 whip of Yshymm {venom, Contam Str+3 Int+4
                  | Stlth+}
  1531 | D:3      | Found a faded altar of an unknown god.
  1681 | D:3      | Reached XP level 5. HP: 46/49 MP: 4/4
  2171 | D:4      | Found a staircase to the Ecumenical Temple.
  2197 | D:4      | Noticed a phantom
  2204 | D:4      | Reached skill level 1 in Stealth
  2204 | D:4      | Reached XP level 6. HP: 5/54 MP: 6/6
  2205 | D:4      | Reached skill level 1 in Maces & Flails
  2206 | D:4      | Mangled by a wight

Illustrated notes

Levels and vault maps discovered:
D:1:      minmay_arrival_up_and_down, layout_basic, minmay_split_cup_large
D:2:      minmay_angry_zag, layout_loops_cross, uniq_terence
D:3:      layout_rooms, shapermc_ecumenical_altar_venn, minmay_strange_pillars,
          minmay_puff
D:4:      layout_gridville, minitemple, minmay_temple_entry_gardened_gates,
          uniq_sigmund

Skill      XL: |  1  2  3  4  5  6 |
---------------+-------------------+-----
Unarmed Combat | 4 |  4.8
Fighting       | 2 |  2.2
Dodging        | 3 |  3.2
Stealth        | 1 |  1.2
Maces & Flails | 1 |  1.0
Throwing       | |  1.8
Spellcasting   | |  0.9
Evocations     | |  0.7

Action                     |  1- 3 |  4- 6 || total
---------------------------+-------+-------++-------
  Melee: Unarmed           |    82 |    33 ||   115
         Punch             |     3 |       ||     3
         Whip              |       |    71 ||    71
  Throw: Throwing net      |       |     4 ||     4
    Use: Scroll            |       |     5 ||     5
   Stab: Sleeping          |       |     5 ||     5
 Armour: Robe              |    47 |    53 ||   100
  Dodge: Dodged            |    43 |    57 ||   100

Table legend: (Time is in decaauts)
 A = Elapsed time spent in this place.
 B = Non-inter-level travel time spent in this place.
 C = Inter-level travel time spent in this place.
 D = Time resting spent in this place.
 E = Time spent auto-exploring this place.
 F = Levels seen in this place.
 G = Mean time per level.
                   A        B        C        D        E       F      G
               +--------+--------+--------+--------+--------+-----+--------+
         Total |   2201 |   2079 |    122 |      0 |   1442 |   4 |  550.2 |
       Dungeon |   2201 |   2079 |    122 |      0 |   1442 |   4 |  550.2 |
               +--------+--------+--------+--------+--------+-----+--------+

Top non-repeatable levels by time:
     D:2: 837 daAuts
     D:1: 676 daAuts
     D:3: 652 daAuts
     D:4: 35 daAuts
